Workbook

Sheet Sheet1
A1: 阳新县2026年失业保险费稳岗返还发放企业名单（第一批）公示
A2: 序号 | B2: 管理单位名称 | C2: 稳岗企业规模 | D2: 减员率适用标准 | E2: 拨付比例% | F2: 返还金额(元)
A3: 1 | B3: 湖北康乐福电梯有限公司 | C3: 稳岗返还年度末30人及以下 | D3: 不高于20% | E3: 0.6 | F3: =VLOOKUP(B3,[1]最终名单!$B$1:$AD$65536,29,FALSE) -> 4804.242
A4: 2 | B4: 湖北朗天医药集团有限公司 | C4: 稳岗返还年度末30人及以下 | D4: 不高于20% | E4: 0.6 | F4: =VLOOKUP(B4,[1]最终名单!$B$1:$AD$65536,29,FALSE) -> 3784.572
A5: 3 | B5: 湖北润益建筑工程有限公司 | C5: 稳岗返还年度末30人及以下 | D5: 不高于20% | E5: 0.6 | F5: =VLOOKUP(B5,[1]最终名单!$B$1:$AD$65536,29,FALSE) -> 3177.324
A6: 4 | B6: 九江市华申房地产开发有限公司阳新项目部 | C6: 稳岗返还年度末30人及以下 | D6: 不高于20% | E6: 0.6 | F6: =VLOOKUP(B6,[1]最终名单!$B$1:$AD$65536,29,FALSE) -> 370.764
A7: 5 | B7: 湖北阳新广信联合会计师事务所 | C7: 稳岗返还年度末30人及以下 | D7: 不高于20% | E7: 0.6 | F7: =VLOOKUP(B7,[1]最终名单!$B$1:$AD$65536,29,FALSE) -> 3962.394
A8: 6 | B8: 湖北阳新麦科隆精密机械有限公司 | C8: 稳岗返还年度末30人及以下 | D8: 不高于20% | E8: 0.6 | F8: =VLOOKUP(B8,[1]最终名单!$B$1:$AD$65536,29,FALSE) -> 4479.828
A9: 7 | B9: 湖北女娲医学工程有限公司 | C9: 稳岗返还年度末30人及以下 | D9: 不高于20% | E9: 0.6 | F9: =VLOOKUP(B9,[1]最终名单!$B$1:$AD$65536,29,FALSE) -> 2075.208
A10: 8 | B10: 阳新家联购物广场 | C10: 稳岗返还年度末30人及以下 | D10: 不高于20% | E10: 0.6 | F10: =VLOOKUP(B10,[1]最终名单!$B$1:$AD$65536,29,FALSE) -> 2317.296
A11: 9 | B11: 湖北鑫凯威建筑劳务有限公司 | C11: 稳岗返还年度末30人及以下 | D11: 不高于20% | E11: 0.6 | F11: =VLOOKUP(B11,[1]最终名单!$B$1:$AD$65536,29,FALSE) -> 604.512
A12: 10 | B12: 长江证券股份有限公司阳新红星大道证券营业部 | C12: 稳岗返还年度末30人及以下 | D12: 不高于20% | E12: 0.6 | F12: =VLOOKUP(B12,[1]最终名单!$B$1:$AD$65536,29,FALSE) -> 6973.272
A13: 11 | B13: 阳新县百容水产良种有限公司 | C13: 稳岗返还年度末30人及以下 | D13: 不高于20% | E13: 0.6 | F13: =VLOOKUP(B13,[1]最终名单!$B$1:$AD$65536,29,FALSE) -> 5304.63
A14: 12 | B14: 阳新县王子鞋城 | C14: 稳岗返还年度末30人及以下 | D14: 不高于20% | E14: 0.6 | F14: =VLOOKUP(B14,[1]最终名单!$B$1:$AD$65536,29,FALSE) -> 7778.796
... A855: 853 | B855: 阳新县农发水产产业投资管理有限公司 | C855: 稳岗返还年度末30人以上 | D855: 不高于5.5% | E855: 0.6 | F855: =VLOOKUP(B855,[1]最终名单!$B$1:$AD$65536,29,FALSE) -> 17590.212
D856: 合计： | F856: =SUM(F3:F855) -> 6730680.6
